CAL
BAKERSFIELD BLAZE @ STOCKTON PORTS
07/20/2099
 
TOP OF THE 1ST
Bakersfield Blaze batting - Pitching for Stockton Ports : RHP Troy Whitson
Pitching: RHP Troy Whitson
Batting: RHB Kevin Spence 0-0: Ball
1-0: Called Strike
1-1: Foul Ball, location: 2F
1-2: Fly out, F6 (Popup, P, EV 81.3 MPH)
Batting: LHB Tyler Staley 0-0: Called Strike
0-1: Fly out, F8 (Flyball, 8RD, EV 110.0 MPH)
Batting: LHB Phil Rogalla 0-0: Ball
1-0: Ball
2-0: Ball
3-0: Base on Balls
Batting: RHB Tony Arias 0-0: SINGLE (Line Drive, 9S, EV 91.3 MPH)
Phil Rogalla to second
Runner from 2nd tries for 3rd, SAFE, throw by RF made to third
Batting: RHB Keith Burchfield 0-0: Called Strike
0-1: 3-RUN HOME RUN (Flyball, 7D, EV 95.0 MPH), Distance : 365 ft
Batting: LHB Darren Gatling 0-0: Fly out, F8 (Line Drive, 78M, EV 105.0 MPH)
Top of the 1st over - 3 runs, 2 hits, 0 errors, 0 left on base; Bakersfield 3 - Stockton 0
BOTTOM OF THE 1ST
Stockton Ports batting - Pitching for Bakersfield Blaze : RHP Josh Gravelle
Pitching: RHP Josh Gravelle
Batting: RHB Eddie Siegal 0-0: Ground out 5-3 (Groundball, 5S, EV 86.3 MPH)
Batting: LHB Willie Taylor 0-0: Ball
1-0: Called Strike
1-1: Foul Ball, location: 3FF
1-2: Hit by Pitch
Batting: RHB Gordie Spencer 0-0: Fielders Choice at 2nd, 3-6 (Groundball, 3, EV 88.8 MPH)
Batting: RHB Chris Martens 0-0: Ball
1-0: Fly out, F9 (Line Drive, 89S, EV 95.6 MPH)
Bottom of the 1st over - 0 runs, 0 hits, 0 errors, 1 left on base; Bakersfield 3 - Stockton 0
TOP OF THE 2ND
Bakersfield Blaze batting - Pitching for Stockton Ports : RHP Troy Whitson
Batting: RHB Victor Garcia 0-0: Ball
1-0: Foul Ball, location: 3F
1-1: Swinging Strike
1-2: Foul Ball, location: 2F
1-2: Strikes out swinging
Batting: RHB Miguel Torres 0-0: Fly out, F3 (Popup, 3S, EV 67.5 MPH)
Batting: RHB Wyatt Cobb 0-0: Ball
1-0: Called Strike
1-1: Ball
2-1: Ball
3-1: DOUBLE (Flyball, 78D, EV 106.3 MPH)
Batting: RHB Kevin Spence 0-0: Ball
1-0: Foul Ball, location: 7LSF
1-1: SINGLE (Line Drive, 4MD, EV 74.4 MPH)
Wyatt Cobb to third
Runner from 3rd tries for Home, SAFE, throw by CF to home
Kevin Spence to second
Batting: LHB Tyler Staley 0-0: Ball
1-0: Ball
2-0: Called Strike
2-1: Foul Ball, location: 2F
2-2: Foul Ball, location: 5SF
2-2: SINGLE (Groundball, 3S, EV 67.5 MPH) (infield hit)
Kevin Spence to third
Batting: LHB Phil Rogalla 0-0: Foul Ball, location: 2F
0-1: Fly out, F8 (Line Drive, 78M, EV 98.1 MPH)
Top of the 2nd over - 1 run, 3 hits, 0 errors, 2 left on base; Bakersfield 4 - Stockton 0
BOTTOM OF THE 2ND
Stockton Ports batting - Pitching for Bakersfield Blaze : RHP Josh Gravelle
Batting: RHB Vince Kallman 0-0: Ball
1-0: Swinging Strike
1-1: Fly out, F8 (Flyball, 8LXD, EV 101.9 MPH)
Batting: LHB Bobby Dollar 0-0: Called Strike
0-1: Foul Ball, location: 2F
0-2: Ground out 6-3 (Groundball, 6, EV 83.8 MPH)
Batting: RHB Marco Ramirez 0-0: Called Strike
0-1: Called Strike
0-2: Ball
1-2: Ball
2-2: Ground out 4-3 (Groundball, 4D, EV 83.1 MPH)
Bottom of the 2nd over - 0 runs, 0 hits, 0 errors, 0 left on base; Bakersfield 4 - Stockton 0
TOP OF THE 3RD
Bakersfield Blaze batting - Pitching for Stockton Ports : RHP Troy Whitson
Batting: RHB Tony Arias 0-0: Called Strike
0-1: Ball
1-1: Foul Ball, location: 2F
1-2: Ball
2-2: DOUBLE (Flyball, 8LXD, EV 100.6 MPH)
Batting: RHB Keith Burchfield 0-0: Swinging Strike
0-1: Called Strike
0-2: Ball
1-2: Ball
2-2: Strikes out looking
Batting: LHB Darren Gatling 0-0: Ball
Tony Arias steals 3rd base
1-0: DOUBLE (Line Drive, 78D, EV 103.8 MPH)
Tony Arias scores
Batting: RHB Victor Garcia 0-0: Ball
1-0: Ball
2-0: Ball
3-0: Foul Ball, location: 9LSF
3-1: Base on Balls
Pitching: RHP Matt Trosclair
Batting: RHB Miguel Torres 0-0: Called Strike
0-1: Ball
1-1: Fly out, F9 (Flyball, 9, EV 87.5 MPH)
Batting: RHB Wyatt Cobb 0-0: Called Strike
0-1: Called Strike
0-2: SINGLE (Flyball, 5D, EV 93.1 MPH)
Darren Gatling to third
Victor Garcia to second
Runner from 3rd tries for Home, SAFE, throw by LF to home
Batting: RHB Kevin Spence 0-0: Called Strike
0-1: Fly out, F8 (Line Drive, 8RM, EV 89.4 MPH)
Top of the 3rd over - 2 runs, 3 hits, 0 errors, 2 left on base; Bakersfield 6 - Stockton 0
BOTTOM OF THE 3RD
Stockton Ports batting - Pitching for Bakersfield Blaze : RHP Josh Gravelle
Batting: RHB Hector Ortiz 0-0: Ball
1-0: Foul Ball, location: 9LSF
1-1: Foul Ball, location: 5SF
1-2: Ball
2-2: Ground out 6-3 (Groundball, 6, EV 98.8 MPH)
Batting: RHB Danny Alarcon 0-0: Ball
1-0: Called Strike
1-1: Foul Ball, location: 23FF
1-2: Foul Ball, location: 2RF
1-2: SINGLE (Groundball, 4MS, EV 61.9 MPH) (infield hit)
Batting: RHB Eddie Siegal 0-0: Fly out, F3 (Popup, 23F, EV 86.3 MPH)
Batting: LHB Willie Taylor 0-0: Ball
1-0: Ball
2-0: Ball
3-0: Base on Balls
Danny Alarcon to second
Batting: RHB Gordie Spencer 0-0: Ball
1-0: Ball
2-0: Ball
3-0: Called Strike
3-1: Base on Balls
Danny Alarcon to third
Willie Taylor to second
Batting: RHB Chris Martens 0-0: Ball
1-0: Foul Ball, location: 5F
1-1: Ball
2-1: Fielders Choice at 2nd, 5-4 (Groundball, 56, EV 108.1 MPH)
Bottom of the 3rd over - 0 runs, 1 hit, 0 errors, 3 left on base; Bakersfield 6 - Stockton 0
TOP OF THE 4TH
Bakersfield Blaze batting - Pitching for Stockton Ports : RHP Matt Trosclair
Batting: LHB Tyler Staley 0-0: Ball
1-0: Swinging Strike
1-1: Called Strike
1-2: Strikes out swinging
Batting: LHB Phil Rogalla 0-0: Swinging Strike
0-1: Swinging Strike
0-2: Ball
1-2: Ball
2-2: Strikes out swinging
Batting: RHB Tony Arias 0-0: SOLO HOME RUN (Flyball, 7LD, EV 92.5 MPH), Distance : 347 ft
Batting: RHB Keith Burchfield 0-0: Ball
1-0: Ball
2-0: Ball
3-0: Swinging Strike
3-1: Foul Ball, location: 3SF
3-2: Base on Balls
Batting: LHB Darren Gatling 0-0: Ball
1-0: Ball
2-0: Foul Ball, location: 7LSF
2-1: Swinging Strike
2-2: Ball
3-2: Foul Ball, location: 23FF
3-2: Foul Ball, location: 7LMF
3-2: Strikes out swinging
Top of the 4th over - 1 run, 1 hit, 0 errors, 1 left on base; Bakersfield 7 - Stockton 0
BOTTOM OF THE 4TH
Stockton Ports batting - Pitching for Bakersfield Blaze : RHP Josh Gravelle
Batting: RHB Vince Kallman 0-0: Foul Ball, location: 5DF
0-1: Called Strike
0-2: Ground out 5-3 (Groundball, 5, EV 99.4 MPH)
Batting: LHB Bobby Dollar 0-0: Ball
1-0: Called Strike
1-1: Foul Ball, location: 3DF
1-2: Foul Ball, location: 25F
1-2: SINGLE (Groundball, 6M, EV 87.5 MPH) (infield hit)
Batting: RHB Marco Ramirez 0-0: Called Strike
0-1: Foul Ball, location: 3F
0-2: Strikes out looking
Batting: RHB Hector Ortiz 0-0: Ball
1-0: Ball
2-0: Called Strike
2-1: Swinging Strike
2-2: Ground out U3 (Groundball, 34S, EV 84.4 MPH)
Bottom of the 4th over - 0 runs, 1 hit, 0 errors, 1 left on base; Bakersfield 7 - Stockton 0
TOP OF THE 5TH
Bakersfield Blaze batting - Pitching for Stockton Ports : RHP Matt Trosclair
Batting: RHB Victor Garcia 0-0: Ball
1-0: Ball
2-0: SINGLE (Line Drive, 89S, EV 88.8 MPH)
Batting: RHB Miguel Torres 0-0: Ball
1-0: Foul Ball, location: 7LMF
1-1: SINGLE (Groundball, 6MD, EV 98.8 MPH)
Victor Garcia to second
Runner from 2nd tries for 3rd, SAFE, throw by CF made to third
Batting: RHB Wyatt Cobb 0-0: Ball
1-0: Ball
2-0: Ball
3-0: Base on Balls
Miguel Torres to second
Batting: RHB Kevin Spence 0-0: Called Strike
0-1: Ball
1-1: Foul Ball, location: 9LMF
1-2: Ball
2-2: Strikes out swinging
Batting: LHB Tyler Staley 0-0: Ball
1-0: Called Strike
1-1: Foul Ball, location: 5F
1-2: Foul Ball, location: 5F
1-2: Foul Ball, location: 5DF
1-2: Fly out, F8 (Flyball, 8LD, EV 108.8 MPH)
Runner from 3rd tags up, SCORES, throw by CF
Miguel Torres to third
Batting: LHB Phil Rogalla 0-0: Called Strike
0-1: Foul Ball, location: 5F
0-2: Ball
1-2: Foul Ball, location: 3DF
1-2: Foul Ball, location: 5DF
1-2: Strikes out swinging
Top of the 5th over - 1 run, 2 hits, 0 errors, 2 left on base; Bakersfield 8 - Stockton 0
BOTTOM OF THE 5TH
Stockton Ports batting - Pitching for Bakersfield Blaze : RHP Josh Gravelle
Batting: RHB Danny Alarcon 0-0: Ground out 3-1 (Groundball, 34, EV 105.0 MPH)
Batting: RHB Eddie Siegal 0-0: Ball
1-0: Ball
2-0: Called Strike
2-1: Ground out 3-1 (Groundball, 34, EV 78.8 MPH)
Batting: LHB Willie Taylor 0-0: Ball
1-0: Foul Ball, location: 7LSF
1-1: Ball
2-1: Foul Ball, location: 3F
2-2: Foul Ball, location: 25F
2-2: Ball
3-2: Foul Ball, location: 25FF
3-2: Ground out 5-3 (Groundball, 56S, EV 88.1 MPH)
Bottom of the 5th over - 0 runs, 0 hits, 0 errors, 0 left on base; Bakersfield 8 - Stockton 0
TOP OF THE 6TH
Bakersfield Blaze batting - Pitching for Stockton Ports : RHP Matt Trosclair
Batting: RHB Tony Arias 0-0: Ball
1-0: Ball
2-0: Ball
3-0: Called Strike
3-1: Ground out 5-3 (Groundball, 56, EV 81.3 MPH)
Batting: RHB Keith Burchfield 0-0: Ball
1-0: Ball
2-0: Ball
3-0: Called Strike
3-1: Foul Ball, location: 2F
3-2: Foul Ball, location: 9LDF
3-2: Base on Balls
Batting: LHB Darren Gatling 0-0: Called Strike
0-1: Foul Ball, location: 3FF
0-2: Ball
1-2: Foul Ball, location: 7LMF
1-2: Foul Ball, location: 2F
1-2: Ball
2-2: Foul Ball, location: 2F
2-2: Foul Ball, location: 23FF
2-2: Ball
3-2: Base on Balls
Keith Burchfield to second
Pitching: LHP Gerardo Alvarado
Batting: RHB Victor Garcia 0-0: Foul Ball, location: 25F
0-1: 3-RUN HOME RUN (Flyball, 7D, EV 93.1 MPH), Distance : 356 ft
Batting: RHB Miguel Torres 0-0: Ball
1-0: Ball
2-0: Reached on error, E6 (Groundball, 6MD, EV 102.5 MPH)
Batting: RHB Wyatt Cobb 0-0: Ball
1-0: Foul Ball, location: 5F
1-1: Fly out, F8 (Flyball, 8RD, EV 93.1 MPH)
Batting: RHB Kevin Spence 0-0: Foul Ball, location: 2F
0-1: Ball
1-1: Ball
2-1: Foul Ball, location: 3FF
2-2: Fielders Choice at 2nd, 5-4 (Groundball, 5L, EV 98.1 MPH)
Top of the 6th over - 3 runs, 1 hit, 1 error, 1 left on base; Bakersfield 11 - Stockton 0
BOTTOM OF THE 6TH
Stockton Ports batting - Pitching for Bakersfield Blaze : RHP Josh Gravelle
Batting: RHB Gordie Spencer 0-0: Called Strike
0-1: Ball
1-1: DOUBLE (Line Drive, 3D, EV 101.3 MPH)
Batting: RHB Chris Martens 0-0: SINGLE (Groundball, 34D, EV 100.0 MPH)
Gordie Spencer to third
Batting: RHB Vince Kallman 0-0: Ball
1-0: Foul Ball, location: 2F
1-1: Swinging Strike
1-2: Ball
2-2: Foul Ball, location: 2F
2-2: Fly out, F8 (Flyball, 8LM, EV 73.1 MPH)
Runner from 3rd tags up, SCORES, throw by CF
Pitching: RHP Blake Kubler
Batting: LHB Bobby Dollar 0-0: Called Strike
0-1: SINGLE (Line Drive, 9S, EV 96.9 MPH)
Chris Martens to second
Batting: RHB Marco Ramirez 0-0: Swinging Strike
0-1: Foul Ball, location: 2F
0-2: Ball
1-2: Foul Ball, location: 3FF
1-2: Ball
2-2: Foul Ball, location: 9LSF
2-2: Foul Ball, location: 2F
2-2: Fly out, F8 (Line Drive, 8LM, EV 106.3 MPH)
Batting: RHB Hector Ortiz 0-0: Ball
1-0: Ball
2-0: Ball
3-0: Called Strike
3-1: Foul Ball, location: 9LSF
3-2: SINGLE (Line Drive, 34D, EV 97.5 MPH)
Chris Martens to third
Bobby Dollar to second
Chris Martens scores
Bobby Dollar to third
Batting: RHB Danny Alarcon 0-0: Ball
1-0: Swinging Strike
1-1: Ball
2-1: Fly out, F7 (Flyball, 78S, EV 75.6 MPH)
Bottom of the 6th over - 2 runs, 4 hits, 0 errors, 2 left on base; Bakersfield 11 - Stockton 2
TOP OF THE 7TH
Bakersfield Blaze batting - Pitching for Stockton Ports : LHP Gerardo Alvarado
Batting: LHB Tyler Staley 0-0: Ball
1-0: Ball
2-0: Called Strike
2-1: Foul Ball, location: 2F
2-2: Foul Ball, location: 5DF
2-2: DOUBLE (Line Drive, 9LD, EV 105.6 MPH)
Batting: LHB Phil Rogalla 0-0: Called Strike
0-1: Foul Ball, location: 2F
0-2: Strikes out swinging
Batting: RHB Tony Arias 0-0: Ball
1-0: Swinging Strike
1-1: Foul Ball, location: 3F
1-2: Ball
2-2: Ball
3-2: Strikes out swinging
Batting: RHB Keith Burchfield 0-0: SINGLE (Line Drive, 8RS, EV 88.1 MPH)
Tyler Staley to third
Runner from 3rd tries for Home, SAFE, throw by CF to home
Batting: LHB Darren Gatling 0-0: Ball
1-0: Ground out 4-3 (Groundball, 4, EV 77.5 MPH)
Top of the 7th over - 1 run, 2 hits, 0 errors, 1 left on base; Bakersfield 12 - Stockton 2
BOTTOM OF THE 7TH
Stockton Ports batting - Pitching for Bakersfield Blaze : RHP Blake Kubler
Pinch Hitting: SHB Chris Robinson 0-0: Called Strike
0-1: Ball
1-1: Foul Ball, location: 5DF
1-2: Ball
2-2: Foul Ball, location: 9LSF
2-2: Ball
3-2: Base on Balls
Pinch Hitting: RHB Tony de la Cruz 0-0: Ball
1-0: Foul Ball, location: 3DF
1-1: Called Strike
1-2: Strikes out swinging
Batting: RHB Gordie Spencer 0-0: Ball
1-0: Called Strike
1-1: Swinging Strike
1-2: Foul Ball, location: 2F
1-2: Strikes out swinging
Batting: RHB Chris Martens 0-0: Fly out, F3 (Popup, 34, EV 63.8 MPH)
Bottom of the 7th over - 0 runs, 0 hits, 0 errors, 1 left on base; Bakersfield 12 - Stockton 2
TOP OF THE 8TH
Bakersfield Blaze batting - Pitching for Stockton Ports : LHP Gerardo Alvarado
Now at 2B: Chris Robinson
Now in RF: Tony de la Cruz
Batting: RHB Victor Garcia 0-0: Ball
1-0: Ball
2-0: Fly out, F6 (Popup, 6MD, EV 70.0 MPH)
Batting: RHB Miguel Torres 0-0: Ball
1-0: Ball
2-0: Ball
3-0: Called Strike
3-1: Fly out, F9 (Flyball, 9D, EV 111.3 MPH)
Batting: RHB Wyatt Cobb 0-0: Ball
1-0: Called Strike
1-1: Ground out 5-3 (Groundball, 56, EV 108.1 MPH)
Top of the 8th over - 0 runs, 0 hits, 0 errors, 0 left on base; Bakersfield 12 - Stockton 2
BOTTOM OF THE 8TH
Stockton Ports batting - Pitching for Bakersfield Blaze : RHP Blake Kubler
Batting: RHB Vince Kallman 0-0: Swinging Strike
0-1: Ball
1-1: Foul Ball, location: 5FF
1-2: Ball
2-2: Foul Ball, location: 2F
2-2: Ball
3-2: Strikes out swinging
Pinch Hitting: RHB Jose Garcia 0-0: Called Strike
0-1: Ball
1-1: Ball
2-1: Called Strike
2-2: Ball
3-2: Base on Balls
Pitching: LHP Hector Trejo
Batting: RHB Marco Ramirez 0-0: Ball
1-0: Ball
2-0: Ball
3-0: Base on Balls
Jose Garcia to second
Batting: RHB Hector Ortiz 0-0: Called Strike
0-1: Swinging Strike
0-2: Strikes out swinging
Batting: RHB Danny Alarcon 0-0: Ball
1-0: Swinging Strike
1-1: Foul Ball, location: 2F
1-2: Strikes out swinging
Bottom of the 8th over - 0 runs, 0 hits, 0 errors, 2 left on base; Bakersfield 12 - Stockton 2
TOP OF THE 9TH
Bakersfield Blaze batting - Pitching for Stockton Ports : LHP Gerardo Alvarado
Now at 1B: Jose Garcia
Batting: RHB Kevin Spence 0-0: Called Strike
0-1: Ball
1-1: Fly out, F9 (Line Drive, 9S, EV 109.4 MPH)
Batting: LHB Tyler Staley 0-0: Ball
1-0: Ball
2-0: Foul Ball, location: 2F
2-1: Called Strike
2-2: Foul Ball, location: 2F
2-2: Strikes out swinging
Batting: LHB Phil Rogalla 0-0: Ball
1-0: Called Strike
1-1: Foul Ball, location: 5SF
1-2: Foul Ball, location: 3F
1-2: Ball
2-2: Ball
3-2: Ground out U3 (Groundball, 3, EV 104.4 MPH)
Top of the 9th over - 0 runs, 0 hits, 0 errors, 0 left on base; Bakersfield 12 - Stockton 2
BOTTOM OF THE 9TH
Stockton Ports batting - Pitching for Bakersfield Blaze : LHP Hector Trejo
Batting: SHB Chris Robinson 0-0: Ball
1-0: Ball
2-0: Called Strike
2-1: Foul Ball, location: 2F
2-2: Strikes out swinging
Pinch Hitting: RHB Bobby Old 0-0: Foul Ball, location: 2F
0-1: Swinging Strike
0-2: Ball
1-2: Foul Ball, location: 3FF
1-2: Strikes out swinging, 2-3 out at first.
Batting: RHB Gordie Spencer 0-0: Called Strike
0-1: Called Strike
0-2: Strikes out swinging
Bottom of the 9th over - 0 runs, 0 hits, 0 errors, 0 left on base; Bakersfield 12 - Stockton 2
Sunday, May 12th , 2024 - OOTP Baseball 24.11 Build 85